 Dungeon Crawl Stone Soup version 0.18.1-8-gdd0e5ea (webtiles) character file.

1367 IcyTea the Cleaver (level 8, -7/56 HPs)
             Began as a Formicid Wizard on May 22, 2016.
             Was a Believer of Qazlal.
             Shot with an arrow by a centaur (10 damage)
             ... on level 6 of the Dungeon.
             The game lasted 00:20:32 (6473 turns).

IcyTea the Cleaver (Formicid Wizard)                Turns: 6473, Time: 00:20:32

Health: -7/56      AC:  6    Str: 14    XL:     8   Next: 97%
Magic:  0/12       EV:  9    Int: 18    God:    Qazlal [**....]
Gold:   184        SH:  3    Dex:  9    Spells: 3 memorised, 8 levels left

rFire  . . .     SeeInvis +     e - +2 hand axe (drain)
rCold  . . .     Gourm    .     t - +0 scale mail
rNeg   . . .     Faith    .     (no shield)
rPois  .         Spirit   +     (helmet unavailable)
rElec  .         Dismiss  .     (no cloak)
rCorr  .         Reflect  .     (no gloves)
SustAt .         Harm     .     (no boots)
MR     .....                    r - amulet of guardian spirit
Stlth  ..........               (no ring)
                                (no ring)

@: marked, not resistant to hostile enchantments, extremely unstealthy
A: permanent stasis, dig shafts and tunnels, four strong arms, antennae 3
a: Dig, Shaft Self, Upheaval, Renounce Religion


You were on level 6 of the Dungeon.
You worshipped Qazlal.
Qazlal was pleased with you.
You were not hungry.

You visited 2 branches of the dungeon, and saw 7 of its levels.

You collected 184 gold pieces.

Inventory:

Hand Weapons
 e - a +2 hand axe of draining (weapon)
Armour
 t - a +0 scale mail (worn)
Jewellery
 f - a +2 ring of evasion {unknown}
 g - an uncursed amulet of faith
 r - an amulet of guardian spirit (around neck)
Wands
 h - a wand of flame (14/48)
 s - a wand of confusion (14/48)
Scrolls
 a - 3 scrolls of identify
 l - a scroll of blinking {unknown}
 m - a scroll of amnesia
 o - 2 scrolls of remove curse
 p - a scroll of recharging
 u - a scroll of enchant armour {unknown}
 v - a scroll of enchant weapon {unknown}
Potions
 d - 3 potions of flight
 i - 3 potions of curing
 j - a potion of agility
 q - a potion of mutation {unknown}
Books
 b - a book of Minor Magic

   Spells                             Type                      Level
   a - Magic Dart                     Conjuration                  1
   b - Blink                          Translocation                2
   c - Call Imp                       Summoning                    2
   d - Repel Missiles                 Charms/Air                   2
   e - Slow                           Hexes                        2
   f - Conjure Flame                  Conjuration/Fire             3
   g - Mephitic Cloud                 Conjuration/Poison/Air       3
Comestibles
 c - 4 bread rations
 k - 3 meat rations
 n - 2 beef jerkies
 x - 3 fruits


   Skills:
 - Level 2.1 Fighting
 + Level 10.0 Axes
 - Level 1.7 Dodging
 - Level 2.4 Stealth
 - Level 3.2 Spellcasting
 - Level 0.8 Conjurations
   Level 1.0 Summonings
   Level 0.8 Translocations


You had 8 spell levels left.
You knew the following spells:

 Your Spells              Type           Power        Failure   Level  Hunger
a - Magic Dart            Conj           #...         56%         1    None
b - Repel Missiles        Chrm/Air       #.....       94%         2    ##.....
c - Slow                  Hex            #.......     94%         2    ##.....


Dungeon Overview and Level Annotations

Branches:
Dungeon (6/15)             Temple (1/1) D:6

Altars:
Ashenzari
Cheibriados
Dithmenos
Elyvilon
Fedhas
Gozag
Kikubaaqudgha
Makhleb
Nemelex Xobeh
Okawaru
Pakellas
Qazlal
Ru
Sif Muna
Trog
Vehumet
Xom
Yredelemnul
Zin
The Shining One

Annotations:
D:6 Edmund


Innate Abilities, Weirdness & Mutations

You are under a permanent stasis effect.
You can dig through walls and to a lower floor.
Your four strong arms can wield two-handed weapons with a shield.
You have a pair of large antennae on your head (SInv).


Message History

The orc warrior is lightly wounded.
An orc priest comes into view.
The orc hits you with a hand axe.
A centaur and Edmund come into view.
The centaur wields a shortbow.
The centaur shoots an arrow.
The arrow barely misses you.
You see here an arrow.
The centaur shoots an arrow.
The arrow closely misses you.
The centaur unwields an uncursed shortbow.
The centaur hits you.
A hound comes into view.
The centaur hits you. The centaur closely misses you.
The hound barely misses you. The centaur hits you.
The orc warrior hits you with a mace!
* * * LOW HITPOINT WARNING * * *
The hound bites you but does no damage.
A quokka comes into view.
The centaur wields an uncursed shortbow.
The centaur shoots an arrow.
The arrow hits you!
You die...

.... .... ..... .....
####### ....... #.....#
.......###
#.....########
.........##
###.....#<...(.. ....
#..######.'..>..'.######
#..####o.oo.@..#.....###
#.....{...# #..{
##.....## ### #..{.o{.
#..@....


You could see an orc warrior, a centaur, a hound and 3 orcs.

Vanquished Creatures
  A sky beast (D:5)
  A phantom (D:4)
  3 eyes of draining (D:3)
  2 ogres
  A crocodile (D:5)
  A giant frog (D:5)
  An orc priest (D:6)
  A giant frog skeleton (D:6)
  A giant frog zombie (D:5)
  A centaur skeleton (D:4)
  An orc wizard (D:3)
  Natasha (thrice) (D:2)
  Terence (D:2)
  2 worker ants
  A hound skeleton (D:4)
  11 adders
  7 gnolls
  2 oozes
  An adder skeleton (D:5)
  4 worms
  A dart slug (D:1)
  A giant gecko (D:5)
  15 orcs
  9 giant cockroaches
  15 goblins
  7 hobgoblins
  4 jackals (D:2)
  7 kobolds
  5 quokkas
  A ball python (D:2)
  11 bats
  A giant gecko skeleton (D:6)
  4 giant newts
  13 rats
140 creatures vanquished.

Notes
Turn   | Place    | Note
--------------------------------------------------------------
     0 | D:1      | IcyTea the Formicid Wizard began the quest for the Orb.
     0 | D:1      | Reached XP level 1. HP: 13/13 MP: 4/4
    44 | D:1      | Reached skill level 1 in Fighting
   224 | D:1      | Reached XP level 2. HP: 21/22 MP: 4/6
   238 | D:1      | Learned a level 2 spell: Repel Missiles
   241 | D:1      | Learned a level 2 spell: Slow
   492 | D:1      | Reached skill level 1 in Axes
   525 | D:1      | Reached XP level 3. HP: 16/27 MP: 7/7
   953 | D:2      | Noticed Natasha
   968 | D:2      | Killed Natasha
   968 | D:2      | Reached skill level 2 in Axes
   968 | D:2      | Reached XP level 4. HP: 13/33 MP: 1/8
  1210 | D:2      | Found a basalt altar of Yredelemnul.
  1304 | D:2      | Reached skill level 3 in Axes
  1521 | D:2      | Noticed Natasha
  1523 | D:2      | Found a stormy altar of Qazlal.
  1532 | D:2      | Became a worshipper of Qazlal Stormbringer
  1545 | D:2      | Killed Natasha
  1545 | D:2      | Reached XP level 5. HP: 26/38 MP: 9/9
  1673 | D:2      | Noticed Natasha
  1687 | D:2      | Killed Natasha
  1687 | D:2      | Reached skill level 4 in Axes
  1753 | D:2      | Noticed Terence
  2412 | D:2      | Reached XP level 6. HP: 33/44 MP: 10/10
  2511 | D:2      | Reached skill level 5 in Axes
  2910 | D:2      | Reached * piety under Qazlal
  2936 | D:2      | Killed Terence
  3388 | D:3      | Found a bloodstained altar of Trog.
  3388 | D:3      | Noticed an eye of draining
  3388 | D:3      | Noticed an eye of draining
  3389 | D:3      | Noticed an eye of draining
  3399 | D:3      | Killed an eye of draining
  3399 | D:3      | Reached skill level 6 in Axes
  3399 | D:3      | Reached XP level 7. HP: 50/50 MP: 0/11
  3407 | D:3      | Reached skill level 7 in Axes
  3452 | D:3      | Found a faded altar to an unknown god.
  3739 | D:3      | Reached ** piety under Qazlal
  3916 | D:3      | Found a shattered altar of Ashenzari.
  3918 | D:3      | Found a shadowy altar of Dithmenos.
  4284 | D:3      | Reached XP level 8. HP: 33/56 MP: 12/12
  4590 | D:4      | Reached skill level 8 in Axes
  4594 | D:3      | Found a stormy altar of Qazlal.
  4594 | D:3      | Found a blossoming altar of Fedhas.
  4744 | D:4      | Found an oddly glowing altar of Pakellas.
  5202 | D:5      | Entered Level 5 of the Dungeon
  5300 | D:5      | Reached skill level 9 in Axes
  5397 | D:5      | Found a sacrificial altar of Ru.
  5397 | D:5      | Found a bloodstained altar of Trog.
  6336 | D:6      | Found a staircase to the Ecumenical Temple.
  6350 | Temple   | Entered the Ecumenical Temple
  6463 | D:6      | Reached skill level 10 in Axes
  6468 | D:6      | Noticed Edmund
  6473 | D:6      | Shot with an arrow by a centaur

Skill      XL: |  1  2  3  4  5  6  7  8 |
---------------+-------------------------+-----
Fighting       | 1 2 |  2.1
Axes           | 1 2 3 4 6 7 10 | 10.0
Dodging        | |  1.7
Stealth        | |  2.4
Spellcasting   | |  3.2
Conjurations   | |  0.8
Summonings     | |  1.0
Translocations | |  0.8

Action                   |  1- 3 |  4- 6 |  7- 9 || total
-------------------------+-------+-------+-------++-------
Melee: Spear             |    36 |       |       ||    36
       Hand axe          |    40 |   173 |   193 ||   406
 Cast: Magic Dart        |     7 |     2 |       ||     9
  Use: Potion            |     3 |     3 |     5 ||    11
       Scroll            |       |     5 |     4 ||     9
 Stab: Sleeping          |     3 |     1 |       ||     4
       Distracted        |       |     2 |       ||     2
  Eat: Chunk             |       |     8 |    10 ||    18
Armor: Robe              |    11 |    12 |       ||    23
       Scale mail        |       |    14 |    45 ||    59
Dodge: Dodged            |    50 |   106 |    62 ||   218
Block: Other             |       |     1 |    13 ||    14
